 Dungeon Crawl Stone Soup version 0.31.0-11-ge490571c62 (webtiles) character file.

Game seed: 12715186461818648049

9 qw the Shooter (level 2, -1/14 HPs)
             Began as a Spriggan Hunter on Feb 3, 2024.
             Slain by a kobold
             ... wielding a +0 short sword
              (3 damage)
             ... on level 1 of the Dungeon.
             The game lasted 00:00:00 (140 turns).

qw the Shooter (Spriggan Hunter)                     Turns: 140, Time: 00:00:00

Health: -1/14      AC:  2    Str:  7    XL:     2   Next: 6%
Magic:  3/3        EV: 18    Int: 10    God:
Gold:   21         SH:  0    Dex: 18    Spells: 1/1 levels left

rFire   . . .        a - +0 shortbow
rCold   . . .        (shield currently unavailable)
rNeg    . . .        c - +0 robe
rPois   .            (helmet restricted)
rElec   .            (no cloak)
rCorr   .            (gloves unavailable)
SInv    +            (boots unavailable)
Will    .....        (no amulet)
Stlth   ++           (no ring)
HPRegen 0.22/turn    (no ring)
MPRegen 0.08/turn

%: no passive effects
@: very quick
A: very small, no large weapons, unfitting armour, see invisible, speed 3
a: no special abilities


You were on level 1 of the Dungeon.
You visited 1 branch of the dungeon, and saw 1 of its levels.

You collected 21 gold pieces.


Innate Abilities, Weirdness & Mutations

You are very small and have problems with some larger weapons.
You are too small for most types of armour.
You have supernaturally acute eyesight. (SInv)
You cover ground extremely quickly. (Speed+++)


   Skills:
 - Level 1.5 Fighting
 - Level 4.0 Ranged Weapons
 + Level 3.8 Dodging
 - Level 1.5 Stealth


You had one spell level left.
You didn't know any spells.
Your spell library was empty.

Inventory:

Hand Weapons
 a - a +0 shortbow (weapon)
Armour
 c - a +0 robe (worn)
Scrolls
 b - a scroll of butterflies
 d - a scroll of fear {unknown}
 e - a scroll of identify {unknown}

Dungeon Overview and Level Annotations

Branches:
Dungeon (1/15)

Altars:


Message History

The jackal is severely wounded.
The jackal bites you. The jackal barely misses you.
The jackal completely misses you.
You shoot an arrow. The arrow barely misses the jackal.
The arrow hits the endoplasm.
You kill the endoplasm!
The jackal completely misses you. The jackal bites you.
The jackal closely misses you.
You have reached level 2!
You shoot an arrow. The arrow hits the jackal.
You kill the jackal!
The jackal closely misses you. The jackal bites you.
You shoot an arrow. The arrow completely misses the jackal.
The jackal bites you. The kobold barely misses you.
The jackal closely misses you.
You shoot an arrow. The arrow barely misses the jackal.
The kobold barely misses you. The jackal bites you.
The kobold hits you with a +0 short sword.
You shoot an arrow. The arrow hits the jackal.
The jackal is severely wounded.
The jackal bites you but does no damage.
The jackal misses you. The kobold barely misses you.
You shoot an arrow. The arrow closely misses the jackal.
The jackal bites you. The kobold misses you. The jackal barely misses you.
You shoot an arrow.
The arrow hits the jackal but does no damage.
The jackal is severely wounded.
The jackal closely misses you. The kobold hits you but does no damage.
You shoot an arrow. The arrow barely misses the jackal.
The jackal barely misses you. The kobold misses you.
The jackal completely misses you.
You shoot an arrow. The arrow hits the jackal.
The jackal is almost dead.
The kobold closely misses you. The jackal completely misses you.
The jackal misses you.
The kobold hits you with a +0 short sword.
You shoot an arrow. The arrow barely misses the jackal.
The jackal misses you.
The kobold hits you with a +0 short sword.
You die...

# ##.####.# #.#.###. .
....... #.#.#...
#.#.....# #...#..<
#.#.....# # #.#.#...
.......##.## #.#.####
#.........# #.#.....
.####.....J...# #.######
......hK# #.......
#######@# #.#######'
#.....# #.........
###.##### #####.####
#.....# #.###..#..#
#.#.#.# #.........#
#.#.#.################.#
#.#.........###........#
#.###.##........########
#.###.##.##.#......#


You could see a jackal and a kobold.

Vanquished Creatures
  A dart slug (D:1)
  3 endoplasms (D:1)
  A hobgoblin (D:1)
  A jackal (D:1)
6 creatures vanquished.

Notes
Turn   | Place    | Note
-------+----------+-------------------------------------------
     0 | D:1      | qw the Spriggan Hunter began the quest for the Orb.
     0 | D:1      | Reached XP level 1. HP: 10/10 MP: 2/2
     0 | D:1      | 0 ||| qw: Version: 0.3-a-155-g5e7d8dd
     0 | D:1      | 0 ||| qw: Game counter: 3460
     0 | D:1      | 0 ||| qw: Melee chars always use a shield: true
     0 | D:1      | 0 ||| qw: God list: Okawaru
     0 | D:1      | 0 ||| qw: Allow faded altars: false
     0 | D:1      | 0 ||| qw: Do Orc after clearing Dungeon:15 true
     0 | D:1      | 0 ||| qw: Do second Lair branch before Depths: true
     0 | D:1      | 0 ||| qw: Lair rune preference: random
     0 | D:1      | 0 ||| qw: Goals: Normal
     0 | D:1      | 0 ||| PLANNING D:1-11
   101 | D:1      | Reached skill level 3 in Dodging
   127 | D:1      | 127 ||| RETREEEEATING.
   132 | D:1      | Reached XP level 2. HP: 10/14 MP: 3/3
   139 | D:1      | HP: 1/14 [kobold/+0 short sword (3)]
   140 | D:1      | Slain by a kobold

Levels and vault maps discovered:
D:1:      matt_arrival_refuge, layout_loops_cross

Skill      XL: |  1 |
---------------+----+-----
Dodging        | 3 |  3.8
Fighting       | |  1.5
Ranged Weapons | |  4.0
Stealth        | |  1.5

Action                     || total
---------------------------++-------
   Fire: Shortbow          ||    22
 Armour: Robe              ||    11
  Dodge: Dodged            ||    25

Table legend:
 A = Non-vault XP
 B = Vault XP
 C = Vault XP percentage of total XP
 D = Non-vault monster count
 E = Vault monster count
 F = Vault count percentage of total count
                 A         B        C        D         E       F
            +---------+---------+-------+---------+---------+-------
      Total |      14 |       0 |   0.0 |       6 |       0 |   0.0
            +---------+---------+-------+---------+---------+-------
        D:1 |      14 |       0 |   0.0 |       6 |       0 |   0.0
            +---------+---------+-------+---------+---------+-------
